 Dungeon Crawl Stone Soup version 0.13.0-3-g966e3ec (webtiles) character file.

167 Lilouch the Shield-Bearer (level 4, -1/28 HPs)
             Began as a Gargoyle Fighter on Oct 13, 2013.
             Killed by divine providence
             ... invoked by an orc priest
              (14 damage)
             ... on Level 3 of the Dungeon.
             The game lasted 00:05:28 (1133 turns).

Lilouch the Shield-Bearer (Gargoyle Fighter)        Turns: 1133, Time: 00:05:29

HP  -1/28        AC 10     Str 21      XL: 4   Next: 37%
MP   3/3         EV  6     Int  8      God:
Gold 88          SH 19     Dex  9      Spells:  0 memorised,  3 levels left

Res.Fire  : . . .   See Invis. : .   a - +0 mace
Res.Cold  : . . .   Warding    : .   b - +0 scale mail
Life Prot.: + . .   Conserve   : .   c - +0 shield
Res.Poison: +       Res.Corr.  : .   (no helmet)
Res.Elec. : +       Clarity    : .   (no cloak)
Sust.Abil.: . .     Spirit.Shd : .   (no gloves)
Res.Mut.  : .       Stasis     : .   (no boots)
Res.Rott. : +       Flight     : .   (no amulet)
Saprovore : . . .                    (no ring)
                                     (no ring)

@: slightly resistant to hostile enchantments, extremely unstealthy
A: fangs 1, talons 2, life protection 1, electricity resistance, slow metabolism
1, unbreathing, petrification resistance, AC +3
a: no special abilities


You were on level 3 of the Dungeon.
You were not hungry.

You visited 1 branch of the dungeon, and saw 3 of its levels.

You collected 68 gold pieces.

Inventory:

Hand weapons
 a - a +0,+0 mace (weapon)
 r - a +3,+5 dwarven war axe
Missiles
 f - 36 stones (quivered)
 h - 5 needles of paralysis
 q - 17 poisoned needles
Armour
 b - a +0 scale mail (worn)
 c - a +0 shield (worn)
Comestibles
 d - 4 bread rations
 k - 4 meat rations
 l - a rotting chunk of adder flesh
 p - a choko
 t - a chunk of bat flesh
 w - an apple
Scrolls
 e - 6 scrolls of identify {unknown}
 g - a scroll of teleportation {unknown}
 i - a scroll of magic mapping {unknown}
 u - a scroll of curse armour {unknown}
 v - a scroll of remove curse {unknown}
Potions
 j - a potion of cure mutation {unknown}
 m - a potion of heal wounds {unknown}
 n - a potion of confusion {unknown}
 o - a potion of restore abilities {unknown}
 s - 2 potions of curing {unknown}


   Skills:
 - Level 3.2 Fighting
 * Level 3.7 Maces & Flails
 + Level 4.0 Armour
 + Level 4.0 Shields


You had 3 spell levels left.
You didn't know any spells.

Dungeon Overview and Level Annotations

Branches:
Dungeon (3/27)

Altars:
Ashenzari
Elyvilon


Innate Abilities, Weirdness & Mutations

You are resistant to torment.
You are immune to poison.
Your stone body is very resilient (AC +3).
You have very sharp teeth.
You have razor-sharp toenails.
You resist negative energy.
You are resistant to electric shocks.
You have a slow metabolism.
You can survive without breathing.
You are immune to petrification.


Message History

Your Armour skill increases to level 4!
Your Shields skill increases to level 4!
You have reached level 4!
You feel stronger. The orc completely misses you.
Things that are here:
an orcish dagger; an orcish robe You completely miss the orc.
Your kick misses the orc. You block the orc's attack.
The orc hits you but does no damage.
You closely miss the orc. You claw the orc.
The orc is almost dead.
You block the orc's attack.
You hit the orc but do no damage. You claw the orc.
You kill the orc!
You hit the orc. You claw the orc.
You kill the orc!
The orc priest calls down the wrath of Beogh upon you.
Something smites you!
Ouch! That really hurt!
You die...

.#.## ... #.# . #o# #.# #.# #.#
#.# #o# #.# #.# #r# #.# #.##
####)## #.# ...# #..@..# #.# ...#
#.....# #.# ...###########.....#
#.#
....<..............######.#######
...).............................
.#########################.......
.# #..>.... .# #....... .#
#.......


You could see an orc priest, an orc and a quokka.

Vanquished Creatures
  An orc wizard (D:3)
  An adder (D:2)
  3 giant geckos (D:1)
  3 orcs (D:3)
  A ball python (D:1)
  4 bats
  2 goblins (D:2)
  5 hobgoblins
  2 jackals (D:1)
  3 giant newts
  5 kobolds (D:1)
  8 rats
38 creatures vanquished.

Notes
Turn   | Place    | Note
--------------------------------------------------------------
     0 | D:1      | Lilouch, the Gargoyle Fighter, began the quest for the Orb.
     0 | D:1      | Reached XP level 1. HP: 14/14 MP: 0/0
    86 | D:1      | Reached XP level 2. HP: 14/19 MP: 1/1
   319 | D:1      | Reached XP level 3. HP: 24/24 MP: 2/2
   832 | D:2      | Found a white marble altar of Elyvilon.
   833 | D:2      | Found a shattered altar of Ashenzari.
  1128 | D:3      | Reached skill level 4 in Armour
  1128 | D:3      | Reached XP level 4. HP: 12/28 MP: 3/3
  1133 | D:3      | Killed from afar by an orc priest

Action                   |  1- 3 |  4- 6 || total
-------------------------+-------+-------++-------
Melee: Mace              |   103 |     4 ||   107
